Map: 紫晶浪漫-天梯版

Players

TIME (Oliveira) - Winner!

  • Race: Terran Terran

iGXY (XY)

  • Race: Terran Terran

Event: DreamHack SC2 Masters 2020 Winter

VOD

Have the link to the VOD?

Description

Time

  • Played on: Oct. 31, 2020, 10:02 a.m.
  • Length: 20:47

All games in this series

Show
View Real Time Build Order
Export as new Build Order

TIME Terran - Winner!

Build Orders: Reaper Expand 

Get SALT Encoding   

  12  0:00  SCV  
  13  0:12  SCV  
  14  0:17  Supply Depot  
  14  0:24  SCV  
  15  0:39  SCV, Barracks  
  16  0:44  Refinery  
  16  0:51  SCV  
  17  1:03  SCV  
  18  1:15  SCV  
  19  1:27  Reaper, Orbital Command  
  20  1:41  Command Center  
  20  1:50  Supply Depot  
  20  1:53  SCV  
  21  1:59  Marine  
  22  2:05  SCV  
  23  2:10  Factory  
  23  2:16  Refinery  
  23  2:18  SCV  
  23  2:22  Barracks Reactor  
  24  2:26  Bunker  
  24  2:31  SCV  
  25  2:43  SCV  
  26  2:53  Orbital Command  
  26  2:55  Starport  
  26  2:56  Hellion  
  29  2:58  SCV  
  29  2:59  Marine  
  29  3:03  Marine  
  31  3:10  SCV  
  32  3:18  Marine, Factory Tech Lab  
  33  3:20  SCV  
  33  3:21  Marine  
  33  3:22  SCV  
  36  3:27  Supply Depot  
  36  3:32  Viking  
  36  3:33  SCV  
  39  3:35  SCV  
  39  3:40  Siege Tank  
  43  3:41  Marine  
  43  3:44  Marine  
  43  3:45  SCV  
  46  3:50  SCV  
  46  3:52  Supply Depot  
  47  3:57  SCV  
  47  3:59  Marine  
  47  4:02  SCV, Marine, Starport Tech Lab  
  51  4:09  SCV  
  51  4:17  SCV, Command Center  
  51  4:21  Raven  
  51  4:23  Marine x2  
  56  4:24  SCV  
  56  4:28  Supply Depot  
  57  4:37  SCV x2, Siege Tank  
  62  4:43  Supply Depot  
  62  4:50  SCV x2, Marine x2  
  66  4:54  Barracks  
  66  4:57  Barracks  
  66  5:02  SCV x2  
  68  5:10  Starport Reactor  
  68  5:11  Engineering Bay  
  68  5:12  Engineering Bay  
  68  5:14  Refinery x2  
  68  5:16  SCV  
  68  5:20  Stimpack, Marine  
  70  5:21  SCV  
  71  5:29  SCV, Orbital Command  
  71  5:33  SCV  
  73  5:36  Siege Tank  
  73  5:41  SCV  
  77  5:44  Terran Infantry Weapons Level 1  
  77  5:47  SCV  
  78  5:51  Orbital Command, Barracks x2  
  78  5:52  Barracks Tech Lab  
  78  5:56  Marine  
  81  5:57  Marauder  
  81  5:59  SCV x2  
  83  6:05  Supply Depot, Terran Infantry Armor Level 1  
  83  6:06  Marine  
  83  6:10  Concussive Shells  
  83  6:11  SCV x2, Marauder  
  87  6:16  SCV  
  92  6:18  Siege Tank  
  92  6:20  Supply Depot  
  92  6:23  SCV  
  93  6:26  SCV, Marine  
  93  6:27  Supply Depot, Marauder  
  93  6:28  SCV  
  98  6:36  SCV  
  98  6:37  Marauder, Missile Turret  
  98  6:39  Barracks Reactor, Barracks Tech Lab  
  101  6:42  SCV x2, Supply Depot, Marine  
  101  6:45  Medivac  
  106  6:48  Medivac  
  106  6:51  Marauder, Marine  
  106  6:53  SCV  
  111  6:56  Refinery x2  
  111  6:58  Marauder, Marine  
  111  7:01  SCV, Combat Shield  
  114  7:06  SCV  
  112  7:08  SCV  
  112  7:10  Supply Depot, Marine  
  112  7:12  Marauder  
  116  7:17  Marine x2  
  116  7:18  Marauder  
  120  7:24  Marauder, Marine  
  120  7:28  SCV  
  120  7:29  SCV  
  125  7:30  Command Center  
  125  7:31  Siege Tank  
  125  7:32  SCV  
  125  7:33  Supply Depot  
  127  7:39  Armory, Marauder, Marine x2  
  127  7:43  SCV  
  132  7:46  Marine  
  133  7:54  Marine  
  133  7:55  Medivac x2, Marauder  
  135  7:59  Marauder, Marine x2  
  135  8:01  SCV x2  
  135  8:04  Supply Depot  
  135  8:05  Supply Depot  
  141  8:19  Starport  
  141  8:20  Starport  
  141  8:25  Marine x4  
  141  8:26  Marauder x2  
  141  8:27  SCV x2, Siege Tank  
  151  8:28  Viking  
  151  8:33  SCV  
  157  8:35  Supply Depot x2  
  157  8:40  SCV  
  155  8:42  Planetary Fortress  
  155  8:43  SCV  
  155  8:44  Marine  
  157  8:48  Marine  
  157  8:49  Marauder, Marine  
  157  8:50  Marine x2  
  157  8:51  Marauder  
  157  8:55  SCV  
  164  9:04  Marine  
  164  9:06  SCV, Marine  
  164  9:08  Starport Reactor  
  164  9:09  Starport Reactor, Marauder  
  169  9:12  Viking x2, Marine  
  169  9:13  Marauder, Marine x2  
  178  9:17  SCV x2  
  176  9:27  Refinery  
  176  9:28  Marine x2  
  176  9:30  Refinery, Marauder, Marine x2  
  160  9:31  Marauder  
  160  9:32  Siege Tank  
  160  9:37  SCV  
  160  9:38  SCV x2  
  164  9:40  Terran Infantry Armor Level 2, Terran Infantry Weapons Level 2  
  164  9:42  Terran Ship Weapons Level 1  
  161  9:46  Viking  
  161  9:48  Viking  
  159  9:58  Viking x2  
  159  9:59  Viking  
  162  10:00  Viking  
  162  10:05  Fusion Core  
  162  10:06  Marine x2  
  166  10:07  Marauder  
  166  10:09  SCV x2  
  170  10:16  Supply Depot  
  170  10:17  Supply Depot  
  170  10:22  Command Center  
  170  10:24  SCV x2  
  172  10:30  Viking x2  
  172  10:35  Liberator  
  179  10:38  SCV, Armory  
  180  10:53  Advanced Ballistics, Liberator x3  
  180  10:55  SCV  
  180  10:56  SCV, Sensor Tower  
  192  10:57  Refinery  
  192  10:58  SCV, Refinery  
  192  11:01  Viking  
  192  11:04  Viking  
  196  11:06  SCV  
  196  11:08  SCV  
  198  11:12  SCV x2  
  200  11:23  Missile Turret  
  200  11:26  Terran Vehicle And Ship Armor Level 1  
  200  11:33  Planetary Fortress  
  200  11:43  Command Center  
  200  11:45  Command Center, Terran Ship Weapons Level 2  
  200  11:58  Command Center  
  176  12:14  Liberator x2  
  178  12:17  Liberator  
  178  12:19  Liberator x3  
  178  12:20  Marauder x2, Marine x2  
  193  12:28  Fusion Core, Starport  
  193  12:29  Starport x2, Sensor Tower  
  193  12:34  Sensor Tower  
  193  12:37  Terran Infantry Weapons Level 3  
  193  12:43  Terran Infantry Armor Level 3  
  193  12:55  Orbital Command  
  193  12:57  Liberator  
  196  12:58  Refinery  
  196  13:01  Planetary Fortress  
  196  13:08  Refinery  
  196  13:10  Planetary Fortress  
  195  13:13  Unknown  
  195  13:14  Starport Tech Lab x2  
  195  13:15  Starport Tech Lab  
  195  13:16  Weapon Refit  
  195  13:19  Viking x2  
  197  13:27  Liberator  
  200  13:34  Corvid Reactor  
  199  13:48  Command Center  
  199  13:51  Command Center  
  199  13:53  Command Center  
  199  13:54  Refinery  
  199  13:56  Refinery  
  199  13:59  Terran Vehicle And Ship Armor Level 2  
  156  14:17  Liberator x2  
  156  14:18  Battlecruiser x3  
  156  14:23  Marine x2  
  156  14:24  Marauder  
  169  14:25  Viking x2  
  169  14:27  Terran Ship Weapons Level 3  
  136  14:47  Marauder x3, Marine x4  
  136  14:49  Viking x2  
  150  14:53  SCV  
  151  15:05  Marine x2  
  161  15:08  Marauder x2  
  161  15:13  Marauder, Marine  
  168  15:15  Orbital Command x2  
  168  15:17  Orbital Command  
  168  15:24  Command Center  
  168  15:27  Battlecruiser x2  
  172  15:29  Battlecruiser  
  172  15:32  Viking  
  180  15:40  Viking x2  
  184  15:56  Viking x2  
  188  16:09  Viking  
  180  16:11  Marine x2  
  180  16:12  Marauder  
  180  16:18  Starport x2  
  180  16:31  Battlecruiser  
  195  16:35  Battlecruiser  
  195  16:38  Planetary Fortress, Liberator x4  
  200  16:56  Starport Tech Lab x2  
  200  16:58  Terran Vehicle And Ship Armor Level 3  
  200  17:08  Command Center  
  194  17:29  Battlecruiser x2  
  188  17:30  Battlecruiser, Liberator  
  191  17:37  Battlecruiser  
  191  17:54  Marine x2  
  191  17:55  Marauder  
  191  17:56  Battlecruiser  
  191  17:58  Liberator x3  
  186  18:04  Liberator  
  198  18:22  Marauder  
  198  18:26  Hi-Sec Auto Tracking, Neosteel Armor  
  197  19:06  Battlecruiser  
  174  19:10  Battlecruiser x2  
  174  19:13  Liberator x3  
  174  19:15  Marine x2  
  174  19:16  Marauder  
  189  19:18  Liberator  
  189  19:21  Marauder  
  194  19:38  Battlecruiser  
  200  19:49  Command Center  
  191  20:27  Marine  
Show
View Real Time Build Order
Export as new Build Order

iGXY Terran 

Build Orders: 2 Factory, Cyclone Opening, Mech 

Get SALT Encoding   

  12  0:00  SCV  
  13  0:12  SCV  
  14  0:16  Supply Depot  
  14  0:24  SCV  
  15  0:38  SCV  
  15  0:39  Barracks  
  16  0:43  Refinery  
  16  0:50  SCV  
  16  0:54  Refinery  
  17  1:02  SCV  
  18  1:14  SCV  
  19  1:26  Reaper, Orbital Command  
  19  1:28  Supply Depot  
  20  1:40  Factory  
  20  1:52  SCV  
  21  1:58  Reaper  
  22  2:04  SCV  
  23  2:16  SCV  
  24  2:24  Command Center, Widow Mine  
  24  2:28  SCV  
  27  2:30  Barracks Tech Lab  
  27  2:33  Supply Depot  
  27  2:40  SCV  
  28  2:52  SCV  
  28  2:57  Cyclone  
  32  2:59  Mag-Field Accelerator  
  32  3:04  SCV  
  33  3:12  Factory  
  33  3:14  Refinery  
  33  3:16  SCV  
  34  3:28  SCV  
  34  3:29  Cyclone  
  34  3:32  Barracks Tech Lab  
  38  3:35  Orbital Command  
  38  3:41  SCV  
  39  3:53  SCV  
  40  4:01  SCV  
  40  4:02  Cyclone x2  
  47  4:05  SCV  
  48  4:14  SCV  
  49  4:17  SCV  
  49  4:18  Command Center  
  50  4:26  SCV  
  50  4:29  SCV  
  52  4:35  Supply Depot  
  52  4:38  SCV  
  52  4:40  Supply Depot  
  52  4:41  SCV  
  52  4:42  Starport  
  54  4:46  Barracks Reactor, Refinery  
  54  4:55  Supply Depot  
  54  4:56  SCV x2  
  54  4:58  Cyclone  
  59  5:00  Cyclone  
  62  5:09  SCV x2  
  64  5:18  Refinery  
  64  5:21  SCV x2  
  66  5:22  Refinery  
  66  5:28  Liberator x2  
  66  5:32  Orbital Command  
  66  5:33  SCV x2  
  74  5:39  Siege Tank  
  77  5:43  Siege Tank  
  77  5:45  SCV x2  
  82  5:57  SCV x3  
  82  6:03  Armory x2  
  85  6:07  Supply Depot  
  85  6:09  SCV  
  86  6:13  Factory  
  86  6:16  Factory  
  86  6:18  Starport Reactor  
  86  6:19  SCV x2  
  86  6:21  SCV  
  86  6:22  Siege Tank  
  92  6:29  Supply Depot  
  92  6:31  SCV x2  
  94  6:37  Factory  
  94  6:40  SCV, Supply Depot  
  95  6:47  SCV  
  95  6:53  Siege Tank  
  99  6:54  Siege Tank  
  99  6:56  SCV  
  99  6:59  SCV x2  
  99  7:00  Terran Vehicle Weapons Level 1  
  99  7:01  Terran Vehicle And Ship Armor Level 1  
  105  7:04  Viking  
  105  7:08  Viking  
  103  7:09  SCV  
  103  7:11  SCV  
  105  7:17  Supply Depot, Factory Tech Lab  
  105  7:19  SCV  
  105  7:24  SCV x2, Supply Depot, Factory Reactor  
  105  7:25  Siege Tank  
  110  7:31  SCV  
  110  7:34  Viking  
  110  7:36  SCV, Supply Depot  
  110  7:37  Supply Depot  
  114  7:38  Viking, Siege Tank  
  114  7:43  Supply Depot  
  119  7:45  SCV x2  
  119  7:48  SCV  
  122  7:53  Supply Depot  
  121  7:58  Siege Tank x2  
  121  8:04  Viking  
  127  8:08  Viking  
  129  8:14  Siege Tank  
  129  8:15  Hellion x4  
  129  8:18  Supply Depot  
  140  8:23  Orbital Command  
  138  8:31  Hellion  
  140  8:42  Hellion x3  
  146  8:49  Command Center  
  146  8:56  SCV x2  
  146  8:59  SCV  
  141  9:05  Refinery  
  141  9:08  SCV x2  
  132  9:11  SCV  
  122  9:20  SCV  
  122  9:21  SCV  
  122  9:23  SCV  
  113  9:33  SCV x2  
  113  9:36  SCV  
  115  9:41  Refinery  
  115  9:43  Refinery  
  115  9:45  SCV  
  117  9:50  Terran Vehicle Weapons Level 2, Command Center  
  117  9:51  Terran Vehicle And Ship Armor Level 2  
  113  9:58  Siege Tank  
  107  10:00  Refinery  
  107  10:05  Siege Tank  
  110  10:11  Siege Tank  
  113  10:19  Viking x2  
  117  10:22  Drilling Claws, Widow Mine  
  117  10:23  Widow Mine x2  
  117  10:27  Widow Mine  
  125  10:33  Supply Depot, Siege Tank  
  125  10:34  Supply Depot x2  
  128  10:37  Supply Depot, Siege Tank  
  128  10:42  Engineering Bay  
  131  10:49  Viking  
  133  10:55  Viking  
  133  10:56  Supply Depot  
  138  11:01  Supply Depot  
  138  11:02  Supply Depot  
  144  11:08  Supply Depot  
  144  11:09  Supply Depot  
  144  11:10  Supply Depot  
  150  11:15  Thor x3  
  153  11:20  Missile Turret  
  153  11:22  Missile Turret  
  153  11:23  Missile Turret  
  153  11:24  Missile Turret  
  153  11:30  Widow Mine  
  153  11:31  Widow Mine x2  
  153  11:32  Widow Mine  
  161  11:35  Missile Turret  
  161  11:38  Missile Turret  
  161  11:44  Refinery  
  161  11:45  Refinery  
  161  11:59  Thor x2  
  164  12:04  Thor  
  164  12:07  Hellion x2  
  150  12:21  Terran Vehicle Weapons Level 3  
  144  12:23  Terran Vehicle And Ship Armor Level 3  
  144  12:33  Command Center  
  144  12:45  Siege Tank x2  
  144  12:47  Siege Tank  
  153  12:52  Hellion x3  
  153  12:53  Hellion  
  161  13:08  Command Center  
  161  13:12  Viking x2  
  165  13:18  Hellion x4  
  173  13:21  Smart Servos, Infernal Pre-Igniter  
  171  13:28  Thor  
  171  13:33  Thor  
  183  13:49  Refinery  
  183  13:53  Refinery  
  183  14:03  Missile Turret x2  
  183  14:04  Missile Turret  
  183  14:09  Missile Turret  
  183  14:10  Thor  
  183  14:15  Hellion  
  126  14:32  Thor x2  
  126  14:33  Hellion  
  126  14:34  SCV  
  112  14:47  Widow Mine  
  112  14:48  Widow Mine  
  116  14:53  Siege Tank  
  119  15:03  Widow Mine x2  
  123  15:09  Refinery  
  123  15:13  Planetary Fortress  
  123  15:22  Thor  
  129  15:35  Thor  
  129  15:38  Thor  
  139  15:58  Viking x2  
  139  16:04  Widow Mine x2  
  147  16:07  SCV x3  
  149  16:11  Thor  
  155  16:18  Barracks  
  155  16:19  Terran Ship Weapons Level 1  
  148  16:28  Viking x2  
  148  16:29  Thor  
  158  16:35  Thor  
  164  16:43  Widow Mine x4  
  172  16:56  Engineering Bay  
  172  16:58  Viking x2, Thor  
  180  17:28  Viking x2  
  180  17:29  Thor  
  176  17:46  Thor x2  
  176  17:47  Hellion  
  176  17:48  SCV x2  
  179  18:00  SCV x2  
  179  18:05  Refinery  
  181  18:06  Command Center  
  181  18:08  Command Center  
  181  18:11  Widow Mine x2  
  181  18:12  SCV x2  
  183  18:17  Viking  
  185  18:20  Orbital Command  
  185  18:24  SCV x2  
  185  18:26  Terran Ship Weapons Level 2  
  181  18:36  SCV x2, Thor  
  181  18:48  Viking x2  
  185  19:03  Thor  
  144  19:10  Thor  
  144  19:14  Refinery  
  144  19:16  Refinery, Widow Mine x2  
  137  19:25  SCV x2  
  139  19:32  Orbital Command, Thor  
  139  19:37  SCV  
  146  19:42  Viking x2  
  150  19:56  Thor  
  153  20:09  SCV  
  153  20:10  SCV x2  
  153  20:12  Refinery  
  153  20:13  Refinery  
  156  20:16  Viking  
  155  20:25  SCV x2  
Tags
 
Add a new tag
Caveats
  • Supply blocks, unpowered buildings, or Contaminate may cause inaccurate times.
  • Supply counts are checked every 10 seconds.